 Dungeon Crawl Stone Soup version 0.17.0-22-g5edae84 (webtiles) character file.

84 Karnex the Grave Robber (level 4, -1/24 HPs)
             Began as a Kobold Necromancer on Nov 12, 2015.
             Slain by an ice beast (11 damage)
             ... on level 2 of the Dungeon.
             The game lasted 00:24:45 (3851 turns).

Karnex the Grave Robber (Kobold Necromancer)        Turns: 3851, Time: 00:24:45

Health: -1/24      AC:  4    Str:  6    XL:     4   Next: 74%
Magic:  5/8        EV: 15    Int: 14    God:
Gold:   85         SH:  0    Dex: 16    Spells: 3 memorised, 1 level left

rFire  . . .     SeeInvis .     e - +4 short sword
rCold  . . .     Clarity  .     a - +2 robe
rNeg   . . .     SustAt   .     (shield restricted)
rPois  .         Gourm    .     (no helmet)
rElec  .         Spirit   .     (no cloak)
rCorr  .         Warding  .     (no gloves)
rMut   .         Rnd*Tele +     (no boots)
MR     .....                    (no amulet)
Stlth  +++.......               (no ring)
                                l - ring of teleportation (curse)

@: not resistant to hostile enchantments, fairly stealthy
A: breathe flames 1, carnivore 3, sense surroundings 1, subdued magic 1
a: Breathe Fire, Evoke Teleportation


You were on level 2 of the Dungeon.
You were full.

You visited 1 branch of the dungeon, and saw 2 of its levels.

You collected 85 gold pieces.

Inventory:

Hand Weapons
 e - a +4 short sword (weapon)
 f - a +0 short sword
 i - a +0 hunting sling
 o - a +0 flail
Missiles
 g - 194 stones (quivered)
 k - 13 arrows
 m - 5 silver javelins
Armour
 a - a +2 robe (worn)
Jewellery
 l - a cursed ring of teleportation (left hand)
Scrolls
 d - 2 scrolls of identify
 h - 2 scrolls of enchant armour
 s - a scroll of recharging {unknown}
Potions
 n - a potion of flight {unknown}
 q - a potion of agility {unknown}
Books
 b - a book of Necromancy

   Spells                             Type                      Level
   a - Pain                           Necromancy                   1
   b - Animate Skeleton               Necromancy                   1
   c - Vampiric Draining              Necromancy                   3
   d - Regeneration                   Charms/Necromancy            3
   e - Animate Dead                   Necromancy                   4
   f - Control Undead                 Necromancy                   4
Comestibles
 c - 2 meat rations
 j - a slice of pizza
 p - a beef jerky
 r - a royal jelly


   Skills:
 + Level 0.2 Fighting
 + Level 2.4 Dodging
 + Level 3.0 Stealth
 * Level 3.2 Spellcasting
 * Level 4.8 Necromancy


You had one spell level left.
You knew the following spells:

 Your Spells              Type           Power        Failure   Level  Hunger
a - Pain                  Necr           ##..         1%          1    #......
b - Vampiric Draining     Necr           ##........   4%          3    ###....
c - Animate Dead          Necr           N/A          17%         4    #####..


Dungeon Overview and Level Annotations

Branches:
Dungeon (2/15)

Altars:


Innate Abilities, Weirdness & Mutations

You are small and have problems with some larger weapons.
You are carnivorous and can eat meat at any time.
You can breathe flames.
You passively map a small area around you.
Your spells are a little easier to cast, but a little less powerful.


Message History

There is an open door here.
You hit the ice beast.
The ice beast is moderately wounded.
The ice beast hits you. The ice beast freezes you!
Ouch! That really hurt!
You swap places.
Your goblin zombie hits the ice beast but does no damage.
The ice beast hits your goblin zombie.
The ice beast freezes your goblin zombie.
Your goblin zombie resists.
Your goblin zombie is destroyed!
Casting: Animate Dead
Confirm with . or Enter, or press ? or * to list all spells.
Aiming: Vampiric Draining
Press: ? - help, Shift-Dir - straight line, f/p - ice beast
Aim: an ice beast (moderately wounded)
The ice beast is heavily wounded.
You feel life coursing into your body. The ice beast hits you.
The ice beast freezes you!
You die...

#.........#
###...#
#.###.....## ##.##
#.##.)#'#..# #.#
#....##.##.## #.#
#....#...#..# #.#
##..#######.# #.##
#..#.....#.####...
#..#.....'........
#@#########)######
#Y#......$#.######
#.)......$#.......
#########
#.#......$#..#####
#.......#
#Z#########..#####
#.#####.#
#..#.....'..##...#
#.# #.#
##.#.....#.###....
#.# #.#
#.#######.......#
#.# #.#
#..#...#..####.##


You could see an ice beast and a friendly worm zombie.

Vanquished Creatures
  An adder (D:2)
  A gnoll (D:2)
  An ooze (D:2)
  2 worms (D:2)
  4 giant geckos
  2 ball pythons (D:2)
  7 bats
  4 giant cockroaches
  7 goblins (D:2)
  4 hobgoblins
  A jackal (D:2)
  6 kobolds
  A quokka (D:2)
  8 rats
49 creatures vanquished.

Notes
Turn   | Place    | Note
--------------------------------------------------------------
     0 | D:1      | Karnex the Kobold Necromancer began the quest for the Orb.
     0 | D:1      | Reached XP level 1. HP: 10/10 MP: 3/3
     0 | D:1      | Noticed an octopode zombie
     7 | D:1      | Noticed a centaur zombie
     8 | D:1      | Noticed an octopode zombie
    10 | D:1      | Noticed a human zombie
    12 | D:1      | Noticed a spriggan zombie
    13 | D:1      | Noticed an elf zombie
    15 | D:1      | Noticed a spriggan zombie
    15 | D:1      | Noticed a minotaur zombie
    17 | D:1      | Noticed a human zombie
    17 | D:1      | Noticed a troll zombie
    19 | D:1      | Noticed a centaur zombie
    23 | D:1      | Noticed a merfolk zombie
   365 | D:1      | Reached XP level 2. HP: 6/15 MP: 1/5
  1232 | D:1      | Reached XP level 3. HP: 17/19 MP: 4/6
  1251 | D:1      | Learned a level 3 spell: Vampiric Draining
  1284 | D:1      | Gained mutation: You passively map a small area around you. [potion of mutation]
  1284 | D:1      | Gained mutation: Your spells are a little easier to cast, but a little less powerful. [potion of mutation]
  1284 | D:1      | Gained mutation: You can breathe flames. [potion of mutation]
  2497 | D:2      | Reached XP level 4. HP: 22/24 MP: 5/8
  2594 | D:2      | Learned a level 4 spell: Animate Dead
  2761 | D:2      | Noticed an ice beast
  3851 | D:2      | Slain by an ice beast

Action                   |  1- 3 |  4- 6 || total
-------------------------+-------+-------++-------
Melee: Unarmed           |     1 |       ||     1
       Short sword       |    11 |    10 ||    21
 Cast: Pain              |    81 |    39 ||   120
       Animate Dead      |       |     5 ||     5
       Vampiric Draining |       |     1 ||     1
  Use: Scroll            |     7 |     1 ||     8
       Potion            |     3 |       ||     3
  Eat: Chunk             |    14 |     3 ||    17
